 Dungeon Crawl Stone Soup version 0.32-a0-128-g77eb882913 (webtiles) character file.

Game seed: 10267244005561604603

33 lunkers the Trooper (level 3, -1/32 (40) HPs)
             Began as an Oni Fighter on Feb 7, 2024.
             Slain by an adder (3 damage)
             ... on level 2 of the Dungeon.
             The game lasted 00:01:02 (996 turns).

lunkers the Trooper (Oni Fighter)                    Turns: 996, Time: 00:01:03

HP:   -1/32 (40)    AC:  3    Str: 22    XL:     3   Next: 29%
MP:   3/3           EV:  8    Int:  9    God:
Gold: 47            SH:  7    Dex:  8    Spells: 2/2 levels left

rFire   . . .        a - +0 trident
rCold   . . .        c - +0 kite shield
rNeg    . . .        b - +0 robe
rPois   .            (helmet restricted)
rElec   .            (no cloak)
rCorr   .            (gloves unavailable)
SInv    .            (boots unavailable)
Will    .....        (no amulet)
Stlth   +            (no ring)
HPRegen 0.25/turn    (no ring)
MPRegen 0.08/turn

%: no passive effects
@: lethally poisoned (-1 -> -2), heavily drained
A: large, unfitting armour, horns 1, tough skin 1, double potion healing,
drunken brawling
a: no special abilities


You were on level 2 of the Dungeon.
You visited 1 branch of the dungeon, and saw 2 of its levels.

You collected 47 gold pieces.

Inventory:

Hand Weapons
 a - a +0 trident (weapon)
Missiles
 j - 2 stones (quivered)
Armour
 b - a +0 robe (worn)
 c - a +0 kite shield (worn)
Scrolls
 f - 2 scrolls of fog {unknown}
 g - 2 scrolls of identify {unknown}
 h - a scroll of teleportation {unknown}
 k - 3 scrolls of fear {unknown}
Potions
 d - a potion of might
 e - a potion of mutation {unknown}
 i - a potion of curing {unknown}


   Skills:
 + Level 4.4 Fighting
 * Level 2.9 Polearms
 - Level 2.6 Dodging
 + Level 3.0 Shields


You had 2 spell levels left.
You didn't know any spells.
Your spell library was empty.

Dungeon Overview and Level Annotations

Branches:
Dungeon (2/15)

Altars:


Innate Abilities, Weirdness & Mutations

You are too large for most types of armour.
You have a pair of small horns on your head.
You have tough skin. (AC +1)
You gain doubled healing and magic from potions.
Whenever you drink a healing potion, you attack all around you.


Message History

Aim: an adder (about 65% to evade your +0 trident)
You barely miss the adder.
You feel sick. The adder closely misses you. The adder bites you.
* * * LOW HITPOINT WARNING * * *
You are more poisoned.
The adder poisons you!
Unknown command.
Reach: a) +0 trident
Press: ? - help, Dir - move target, f/p - adder
Aim: an adder (about 65% to evade your +0 trident)
You barely miss the adder. Your headbutt misses the adder.
You feel sick. You block the adder's attack.
Unknown command.
Unknown command.
Reach: a) +0 trident
Press: ? - help, Dir - move target, f/p - adder
Aim: an adder (about 65% to evade your +0 trident)
You puncture the adder!
The adder is almost dead.
You feel sick. The adder bites you.
* * * LOW HITPOINT WARNING * * *
You block the adder's attack.
Unknown command.
Unknown command.
Reach: a) +0 trident
Press: ? - help, Dir - move target, f/p - adder
Aim: an adder (almost dead, about 65% to evade your +0 trident)
You miss the adder. Your headbutt misses the adder.
The adder is almost dead.
You feel sick. You block the adder's attack. The adder barely misses you.
Unknown command.
Unknown command.
Reach: a) +0 trident
Press: ? - help, Dir - move target, f/p - adder
Aim: an adder (almost dead, about 65% to evade your +0 trident)
You closely miss the adder.
The adder is almost dead.
* * * LOW HITPOINT WARNING * * *
You feel sick. The adder bites you.
You die...

##.## ##.##.#.#..# #.##. #######
#.# ####.#.#..# #.##. ......# #.#
#.#.#..# #.### #####.# ##+##
#......# #.# #####.# ##...##
###.##.# #.### ...##.###.....##
#.##.# #.#.. #..##.##.......##
...... ..#.#
......#.........####...##.#####..
......).........@S...............
...####.........####...##.#####.#
#..# ##.......## . #.# ##.#
##.....## #.. #.# ##...## ### #..
##+## # ##. # # #


You could see an adder.

Vanquished Creatures
  An adder (D:2)
  2 bats (D:1)
  4 endoplasms
  2 giant cockroaches
  4 hobgoblins (D:1)
  2 jackals (D:1)
  2 frilled lizards (D:1)
  3 goblins
  A rat (D:1)
21 creatures vanquished.

Notes
Turn   | Place    | Note
-------+----------+-------------------------------------------
     0 | D:1      | lunkers the Oni Fighter began the quest for the Orb.
     0 | D:1      | Reached XP level 1. HP: 24/24 MP: 1/1
    52 | D:1      | Found a faded altar of an unknown god.
   250 | D:1      | Reached XP level 2. HP: 30/32 MP: 2/2
   964 | D:2      | Reached XP level 3. HP: 30/30 MP: 3/3
   996 | D:2      | Slain by an adder

Illustrated notes

Levels and vault maps discovered:
D:1:      lightli_arrival_noodles, layout_loops_ring,
          shapermc_ecumenical_altar_starsandcircs, st_stairs_12
D:2:      layout_loops_corners

Skill      XL: |  1  2 |
---------------+-------+-----
Shields        | 3 |  3.0
Fighting       | |  4.4
Polearms       | |  2.9
Dodging        | |  2.6

Action                     || total
---------------------------++-------
  Melee: Trident           ||    78
         Headbutt          ||     6
  Throw: Stone             ||    10
 Armour: Robe              ||    49
  Dodge: Dodged            ||    19
  Block: Kite shield       ||    17

Table legend: (Time is in decaauts)
 A = Elapsed time spent in this place.
 B = Non-inter-level travel time spent in this place.
 C = Inter-level travel time spent in this place.
 D = Time resting spent in this place.
 E = Time spent auto-exploring this place.
 F = Levels seen in this place.
 G = Mean time per level.
                   A        B        C        D        E       F      G
               +--------+--------+--------+--------+--------+-----+--------+
         Total |   1023 |   1003 |     20 |      0 |    814 |   2 |  511.5 |
       Dungeon |   1023 |   1003 |     20 |      0 |    814 |   2 |  511.5 |
               +--------+--------+--------+--------+--------+-----+--------+

Top non-repeatable levels by time:
     D:1: 894 daAuts
     D:2: 128 daAuts
